 Dungeon Crawl Stone Soup version 0.20.0-15-g7f486f2 (webtiles) character file.

276 miragecloak the Insei (level 6, -2/38 HPs)
             Began as an Octopode Transmuter on June 12, 2017.
             Was a Follower of Ashenzari.
             Slain by an ice beast (14 damage)
             ... on level 5 of the Dungeon.
             The game lasted 00:04:30 (4286 turns).

miragecloak the Insei (Octopode Transmuter)         Turns: 4286, Time: 00:04:31

Health: -2/38      AC:  2    Str: 10    XL:     6   Next: 25%
Magic:  4/9        EV: 20    Int: 15    God:    Ashenzari [*.....]
Gold:   144        SH:  0    Dex: 19    Spells: 5/9 levels left

rFire    . . .     SeeInvis .     - Unarmed
rCold    . . .     Gourm    +   (shield currently unavailable)
rNeg     . . .     Faith    .   (helmet currently unavailable)
rPois    x         Spirit   .   u - amulet of the gourmand
rElec    .         Reflect  .   (no ring)
rCorr    .         Harm     .   (no ring)
MR       .....                  (no ring)
Stlth    ++........             (no ring)
Regen    0.2/turn               (no ring)
MPRegen  0.2/turn               (no ring)
                                (no ring)
                                (no ring)

@: spider-form
A: almost no armour, stealthy swim, (amphibious), 8 rings, (constrict 8)
a: End Transformation, Curse Item, Scrying, Renounce Religion


You were on level 5 of the Dungeon.
You worshipped Ashenzari.
Ashenzari was aware of your devotion.
You were not hungry.
You were a venomous arachnid creature.
You visited 1 branch of the dungeon, and saw 5 of its levels.

You collected 144 gold pieces.

Inventory:

Missiles
 a - 130 arrows
Jewellery
 u - an amulet of the gourmand (around neck)
Scrolls
 e - 4 scrolls of remove curse
 h - 2 scrolls of teleportation
 i - a scroll of amnesia {unknown}
 j - 3 scrolls of identify {unknown}
 k - a scroll of fog {unknown}
 q - 2 scrolls of magic mapping {unknown}
 v - a scroll of immolation {unknown}
Potions
 f - a potion of cancellation {unknown}
 l - a potion of invisibility {unknown}
 m - a potion of curing
 n - a potion of resistance {unknown}
 o - a potion of berserk rage {unknown}
 r - a potion of agility {unknown}
 s - 3 potions of brilliance {unknown}
 t - 2 potions of ambrosia {unknown}
Books
 b - a book of Changes

   Spells                             Type                      Level
   a - Beastly Appendage              Transmutation                1
   b - Sticks to Snakes               Transmutation                2
   c - Spider Form                    Transmutation/Poison         3
   d - Ice Form                       Ice/Transmutation            4
   e - Blade Hands                    Transmutation                5
Comestibles
 c - 2 bread rations
 d - 2 meat rations
 g - 3 royal jellies
 p - 3 fruits


   Skills:
 - Level 1.0 Fighting
 - Level 2.0 Dodging
 * Level 4.9 Unarmed Combat
 - Level 2.0 Spellcasting
 - Level 4.0 Transmutations
 - Level 3.2 Poison Magic


You had 5 spell levels left.
You knew the following spells:

 Your Spells              Type           Power        Failure   Level  Hunger
a - Beastly Appendage     Tmut           ##....       13%         1    #......
b - Spider Form           Tmut/Pois      ##........   32%         3    ###....


Dungeon Overview and Level Annotations

Branches:
Dungeon (5/15)
 Temple: D:4-7

Altars:
Ashenzari

Shops:
D:4 (


Innate Abilities, Weirdness & Mutations

You cannot wear most types of armour.
You are very stealthy in the water. (Stealth+)
((You are amphibious.))
You can wear up to eight rings at the same time.
((You can use your tentacles to constrict eight enemies at once.))
((Your skin changes colour to match your surroundings (Stealth+).))
((Your rubbery body absorbs attacks. (AC +1, EV +1)))


Message History

An ice beast is nearby!
An ice beast is nearby!
An ice beast is nearby!
There is an open door here.
Casting: Spider Form
Confirm with . or Enter, or press ? or * to list all spells.
You extend your transformation's duration.
The ice beast completely misses you.
You hit the ice beast.
The ice beast is poisoned.
The ice beast is lightly wounded.
The ice beast hits you. The ice beast freezes you!
You are too injured to fight recklessly!
You are too injured to fight recklessly!
You are too injured to fight recklessly!
You are too injured to fight recklessly!
You are too injured to fight recklessly!
You hit the ice beast.
The ice beast is moderately wounded.
The ice beast hits you. The ice beast freezes you!
You die...

#.....##### #.....'...#
.. #.....#...#
..######.....##..#
.........######..#....#
..........#.......#....#
..........#.......#....#
.........#...##..#....#
##.....s###'######....#
#.....Y#........#....#
#......#........#....#
#......#######..#....##
##+##.....#.##..#......
#..'.....#.....#......
#..#.....+.....'......
#..#.....####..#......
#..#....... #..#......


You could see an ice beast.

Vanquished Creatures
  An orc priest (D:4)
  A bullfrog skeleton (D:4)
  2 iguanas (D:4)
  A worker ant (D:5)
  A howler monkey zombie (D:5)
  4 adders
  2 oozes
  An adder skeleton (D:4)
  3 worms
  5 dart slugs
  A leopard gecko (D:3)
  3 orcs
  4 ball pythons
  5 giant cockroaches
  6 goblins
  7 hobgoblins
  2 jackals (D:4)
  3 kobolds
  3 quokkas
  3 bats
  5 frilled lizards
  A leopard gecko skeleton (D:4)
  6 rats
70 creatures vanquished.

Notes
Turn   | Place    | Note
-------+----------+-------------------------------------------
     0 | D:1      | miragecloak the Octopode Transmuter began the quest for the Orb.
     0 | D:1      | Reached XP level 1. HP: 13/13 MP: 3/3
   129 | D:1      | Reached XP level 2. HP: 18/18 MP: 1/5
   143 | D:1      | Found a shattered altar of Ashenzari.
   158 | D:1      | Became a worshipper of Ashenzari the Shackled
   860 | D:2      | Reached XP level 3. HP: 22/23 MP: 6/6
   865 | D:2      | Learned a level 3 spell: Spider Form
  1236 | D:2      | Reached skill level 1 in Poison Magic
  1520 | D:2      | Reached * piety under Ashenzari
  2219 | D:3      | Reached XP level 4. HP: 19/28 MP: 0/7
  3109 | D:4      | Reached XP level 5. HP: 33/33 MP: 4/8
  3496 | D:4      | Found Fusixt's Weapon Shop.
  3863 | D:4      | Reached XP level 6. HP: 28/38 MP: 4/9
  4189 | D:5      | Entered Level 5 of the Dungeon
  4277 | D:5      | Noticed an ice beast
  4286 | D:5      | Slain by an ice beast

Skill      XL: |  1  2  3  4  5 |
---------------+----------------+-----
Transmutations | 3 4 |  4.0
Poison Magic   | 2 3 |  3.2
Unarmed Combat | 4 |  4.9
Fighting       | |  1.0
Dodging        | |  2.0
Spellcasting   | |  2.0

Action                   |  1- 3 |  4- 6 || total
-------------------------+-------+-------++-------
Melee: Unarmed           |    71 |   131 ||   202
       Constrict         |    16 |     7 ||    23
       Tentacles         |    11 |     7 ||    18
       Kick              |     1 |       ||     1
       Punch             |     1 |     1 ||     2
 Cast: Beastly Appendage |     5 |       ||     5
       Spider Form       |     6 |    28 ||    34
  Use: Scroll            |       |     1 ||     1
 Stab: Sleeping          |    10 |     4 ||    14
       Distracted        |     1 |       ||     1
  Eat: Bread ration      |     1 |     1 ||     2
       Chunk             |       |     8 ||     8
Armor: Skin              |     6 |     7 ||    13
Dodge: Dodged            |    48 |   125 ||   173
